 Dungeon Crawl Stone Soup version 0.30-a0-4-ga7cffc901d (webtiles) character file.

Game seed: 11205611720802838990

14554 drugrobin the Slicer (level 11, -10/97 HPs)
             Began as a Demigod Delver on Aug 21, 2022.
             Mangled by a death yak (27 damage)
             ... in a Gauntlet.
             The game lasted 01:01:36 (20926 turns).

drugrobin the Slicer (Demigod Delver)              Turns: 20926, Time: 01:01:37

Health: -10/97     AC:  6    Str: 13    XL:     11   Next: 59%
Magic:  20/20      EV: 17    Int: 16    God:
Gold:   899        SH:  0    Dex: 23    Spells: 11/17 levels left

rFire   . . .      SeeInvis +    a - +9 dagger of Wrath {spect, rF- rN+ SInv}
rCold   + . .      Faith    .    (no shield)
rNeg    + . .      Spirit   .    c - +0 troll leather armour
rPois   .          Reflect  .    N - +0 helmet
rElec   .          Harm     .    x - +0 cloak
rCorr   .          Rampage  .    (no gloves)
Will    +....      NoTele   +    (no boots)
Stlth   +++.......               I - amulet of regeneration
HPRegen 1.86/turn                v - ring of protection from cold
MPRegen 0.17/turn                t - ring of protection from fire

@: mighty, attractive, flying
A: high MP 1, forlorn, divine attributes
a: no special abilities


You were in a Gauntlet.
You visited 2 branches of the dungeon, and saw 13 of its levels.
You also visited: Bailey and Gauntlet.

You collected 987 gold pieces.
You spent 88 gold pieces at shops.

Inventory:

Hand Weapons
 a - the +9 dagger of Wrath (weapon) {spect, rF- rN+ SInv}
   (You found it on level 11 of the Dungeon)

   When its wielder attacks, the weapon's spirit leaps out and strikes again.
   The spirit shares a part of any damage it takes with its wielder.
   rF:        It makes you vulnerable to fire.
   rN:        It protects you from negative energy.
   SInv:      It lets you see invisible.
 b - a +0 shortbow of flaming
 e - a +0 dagger of venom
Missiles
 d - 2 curare-tipped darts
 u - 42 poisoned darts
 O - 22 javelins (quivered)
Armour
 c - a +0 troll leather armour (worn)
 x - a +0 cloak (worn)
 B - a +2 robe of fire resistance
 H - a +0 robe of resistance
 N - a +0 helmet (worn)
Jewellery
 t - a ring of protection from fire (right hand)
 v - a ring of protection from cold (left hand)
 D - a ring of protection from cold
 I - an amulet of regeneration (around neck)
 P - a ring of protection from fire
 S - a ring of resist corrosion
Wands
 g - a wand of digging (2)
 C - a wand of polymorph (7)
 Q - a wand of roots (2)
Scrolls
 h - 3 scrolls of immolation
 i - 4 scrolls of vulnerability {unknown}
 j - 6 scrolls of identify
 l - a scroll of teleportation
 o - 3 scrolls of torment {unknown}
 s - 3 scrolls of butterflies {unknown}
 w - a scroll of silence
 y - 2 scrolls of enchant armour {unknown}
 F - 4 scrolls of amnesia {unknown}
 K - a scroll of blinking
 M - a scroll of fog
 R - a scroll of summoning
 V - a scroll of fear
Potions
 f - 2 potions of haste
 p - a potion of brilliance
 q - a potion of resistance
 A - a potion of magic {unknown}
 G - 3 potions of berserk rage {unknown}
 X - 2 potions of mutation {unknown}


   Skills:
 + Level 9.1 Fighting
 - Level 10.0 Short Blades
 + Level 7.7 Dodging
 - Level 6.0 Stealth
 + Level 3.8 Spellcasting
 - Level 8.0 Hexes


You had 11 spell levels left.
You knew the following spells:

 Your Spells              Type           Power      Damage    Failure   Level
a - Ensorcelled Hibernat  Hex/Ice        30%        N/A       6%          2
b - Fulminant Prism       Conj/Hex       7%         3d7       38%         4

Your spell library contained the following spells:

 Spells                   Type           Power      Damage    Failure   Level
 Apportation              Tloc           6%         N/A       22%         1
 Magic Dart               Conj           12%        1d3       22%         1
 Passwall                 Tmut/Erth      2%         N/A       32%         2
 Searing Ray              Conj           6%         2d4       32%         2
 Ozocubu's Armour         Ice            3%         N/A       54%         3
 Swiftness                Air            3%         N/A       54%         3
 Alistair's Intoxication  Tmut/Pois      2%         N/A       99%         5
 Ozocubu's Refrigeration  Ice            1%         4d7       100%        7


Dungeon Overview and Level Annotations

Branches:
Dungeon (12/15)            Temple (0/1) D:4            Lair (1/5) D:10
 Bailey (visited)         Gauntlet (1/1)
    Orc: D:9-12

Shops:
D:3 *   D:8 [   D:10 :

Annotations:
D:3 1 runed translucent door, Splishie's ghost, amateur GnWn
D:9 1 runed translucent door, Valamore's ghost, novice FoFi Gauntlet 11 transporters


Innate Abilities, Weirdness & Mutations

You have an increased reservoir of magic. (+10% MP)
You shall have no god before yourself.
Your divine heritage dramatically boosts your attributes as you level up.


Message History

The death yak is lightly wounded.
The death yak gores you!
* * * LOW HITPOINT WARNING * * *
Unknown command.
Unknown command.
Unknown command.
You hit the death yak.
The death yak is lightly wounded.
You puncture the death yak!
The death yak is moderately wounded.
The death yak closely misses you.
You puncture the death yak!
The death yak is heavily wounded.
Casting: Ensorcelled Hibernation (safe; 6% risk of failure)
Confirm with . or Enter, or press ? or * to list all spells.
Aiming: Ensorcelled Hibernation (safe; 6% risk of failure)
Press: ? - help, Shift-Dir - straight line, f - death yak
Aim: a death yak (heavily wounded, chance to affect: 1%)
Okay, then.
Unknown command.
You hit the death yak.
The death yak is heavily wounded.
The death yak gores you!!
* * * LOW HITPOINT WARNING * * *
Unknown command.
Unknown command.
Unknown command.
Unknown command.
Okay, then.
You feel better.
Unknown command.
Unknown command.
It was a potion of flight.
You feel very buoyant.
You fly up into the air.
Unknown command.
It was a potion of attraction.
You feel attractive to monsters. The death yak gores you!!
You die...

#############
################≈#≈#≈#≈#§#≈#
##≈#≈#≈#§#≈#≈#§#.............
#≈.................∩..8..∩...
##.8.....8.....8......©......
#≈.......©.......###########.
##...#########...##w......##.
#≈...##..#Y#@#...#w#.....#.#.
##...#.##.#Y##...#w.#...#..#.
#≈...##^.##Y##...#...#©#...#.
##.8.##.#©.#.#.8.#...w#....#.
#≈...#.#..##.#...#...#.#...#.
##...#.###.Y##...#..#...#..#.
#≈...##}"©Y.##...#.#.....#.#.
##...#########...##..=©}$.##.
#≈.....#.©.#.....###########.


You could see 3 death yaks, a tyrant leech and 2 swamp worms.

Vanquished Creatures
  A two-headed ogre (D:12)
  A death yak (Gauntlet)
  An ugly thing (D:12)
  2 cyclopes
  A faun (Gauntlet)
  Joseph (D:8)
  A kobold demonologist (D:11)
  An unseen horror (D:10)
  Psyche (D:10)
  4 trolls
  A hornet (D:10)
  A shadow (D:9)
  3 wyverns (D:10)
  12 yaks
  2 basilisks (D:10)
  Edmund (D:4)
  3 water moccasins
  2 ice beasts (D:5)
  17 orc warriors
  A sky beast (D:9)
  4 black bears
  4 ogres
  2 wolves (D:10)
  19 centaurs
  A phantom (D:5)
  3 kobold brigands
  5 bullfrogs
  3 gnoll sergeants
  A necrophage (D:3)
  5 scorpions
  3 wights
  2 howler monkeys
  2 hounds
  4 jellies
  4 orc priests
  A gnoll bouda (D:7)
  4 iguanas
  14 orc wizards
  18 gnolls
  8 adders
  2 white imps
  An ufetubus (D:5)
  3 dart slugs
  64 orcs
  5 endoplasms
  3 giant cockroaches (D:2)
  7 hobgoblins
  A jackal (D:7)
  7 quokkas
  12 ball pythons
  7 bats
  3 frilled lizards
  6 goblins
  17 kobolds
  3 rats
305 creatures vanquished.

Vanquished Creatures (others)
  3 bushes (D:10)
  13 fulminant prisms
  2 fungi (D:10)
  37 plants
55 creatures vanquished.

Grand Total: 360 creatures vanquished

Notes
Turn   | Place    | Note
-------+----------+-------------------------------------------
     0 | D:5      | drugrobin the Demigod Delver began the quest for the Orb.
     0 | D:5      | Reached XP level 1. HP: 18/18 MP: 3/3
    83 | D:5      | Noticed an iguana
    83 | D:5      | Noticed an ogre
    86 | D:5      | Noticed an orc wizard
   208 | D:4      | Reached skill level 2 in Short Blades
   276 | D:4      | Noticed a jelly
   623 | D:4      | Noticed a scorpion
   685 | D:3      | Reached XP level 2. HP: 25/25 MP: 4/4
   690 | D:3      | Found Yptoshre's Assorted Antiques.
   698 | D:3      | Bought a scroll labelled TUBEILETI for 16 gold pieces
   698 | D:3      | Bought an amethyst potion for 14 gold pieces
   698 | D:3      | Bought a ruby potion for 14 gold pieces
   698 | D:3      | Bought a cyan potion for 14 gold pieces
   698 | D:3      | Bought a scroll labelled UNOT LUZOTYRGH for 16 gold pieces
   698 | D:3      | Bought an amethyst potion for 14 gold pieces
   782 | D:3      | Reached skill level 3 in Short Blades
  1115 | D:3      | Reached XP level 3. HP: 19/30 MP: 5/5
  1418 | D:1      | Reached skill level 4 in Short Blades
  1874 | D:1      | Reached XP level 4. HP: 37/37 MP: 6/6
  1909 | D:1      | You fall into a shaft and drop 1 floor!
  2347 | D:1      | Learned a level 2 spell: Ensorcelled Hibernation
  3131 | D:3      | Reached skill level 1 in Hexes
  3274 | D:3      | Noticed a necrophage
  3281 | D:3      | Killed a necrophage
  3282 | D:3      | Reached XP level 5. HP: 23/42 MP: 7/7
  3543 | D:3      | Found a runed translucent door.
  3545 | D:3      | Noticed Splishie's ghost (amateur GnWn)
  4164 | D:4      | Found a staircase to the Ecumenical Temple.
  4237 | D:4      | Noticed Edmund
  4499 | D:4      | Reached skill level 5 in Short Blades
  4980 | D:4      | Reached XP level 6. HP: 8/50 MP: 8/8
  5608 | D:4      | Killed Edmund
  6406 | D:5      | Reached skill level 6 in Short Blades
  6406 | D:5      | Reached XP level 7. HP: 27/56 MP: 9/9
  6975 | D:5      | Reached skill level 7 in Short Blades
  7484 | D:5      | Learned a level 4 spell: Fulminant Prism
  7544 | D:6      | Reached skill level 8 in Short Blades
  7573 | D:5      | Reached XP level 8. HP: 13/62 MP: 4/10
  9093 | D:6      | Reached skill level 5 in Stealth
  9380 | D:5      | Reached skill level 9 in Short Blades
 10856 | D:7      | Reached skill level 5 in Hexes
 11297 | D:6      | Reached XP level 9. HP: 15/71 MP: 7/11
 12721 | D:8      | Found Vaimeg's Armour Shoppe.
 12988 | D:8      | Reached skill level 5 in Fighting
 13604 | D:8      | Noticed Joseph
 13618 | D:8      | Killed Joseph
 14114 | D:9      | Noticed Valamore's ghost (novice FoFi)
 14482 | D:9      | Reached skill level 10 in Short Blades
 14679 | D:9      | Found a runed translucent door.
 14952 | D:10     | Entered Level 10 of the Dungeon
 14996 | D:10     | Found a flagged portal.
 15026 | Bailey   | Entered a bailey
 15238 | Bailey   | Reached XP level 10. HP: 83/83 MP: 10/13
 17352 | D:10     | Noticed Sonja
 17454 | D:10     | Reached skill level 5 in Dodging
 17826 | D:10     | Noticed Psyche
 18213 | D:10     | Identified the +7 whip of Light {distort, Int+7}
 18375 | D:10     | Killed Psyche
 18426 | D:10     | Found a staircase to the Lair.
 18437 | D:10     | Noticed Sonja
 18437 | D:10     | Sonja changed into Sonja the hornet
 18442 | D:10     | Killed Sonja the hornet
 18576 | D:10     | Found Kain's Book Emporium.
 18662 | D:10     | Reached XP level 11. HP: 94/94 MP: 7/14
 19326 | D:11     | Identified the +9 dagger of Wrath {spect, rF- rN+ SInv}
 19347 | D:11     | Reached skill level 1 in Spellcasting
 20194 | D:12     | Identified the +9 mace "Jitext" {elec, rN+ Dex+7}
 20295 | D:12     | Noticed a two-headed ogre
 20321 | D:12     | Killed a two-headed ogre
 20397 | Lair:1   | Entered Level 1 of the Lair of Beasts
 20439 | Lair:1   | Found a gate leading to a gauntlet.
 20447 | Gauntlet | Entered a Gauntlet
 20447 | Gauntlet | Found a transporter.
 20456 | Gauntlet | Found a transporter.
 20458 | Gauntlet | Noticed a ghost crab
 20472 | Gauntlet | Found a transporter.
 20476 | Gauntlet | Found a transporter.
 20480 | Gauntlet | Noticed a reaper
 20496 | Gauntlet | Found a transporter.
 20509 | Gauntlet | Found a transporter.
 20514 | Gauntlet | Found a transporter.
 20518 | Gauntlet | Found a transporter.
 20525 | Gauntlet | Noticed a reaper
 20539 | Gauntlet | Found a transporter.
 20541 | Gauntlet | Noticed a hell beast
 20547 | Gauntlet | Found a transporter.
 20547 | Gauntlet | Found a transporter.
 20547 | Gauntlet | Noticed a death yak
 20547 | Gauntlet | Noticed a death yak
 20547 | Gauntlet | Noticed a death yak
 20548 | Gauntlet | Noticed a death yak
 20548 | Gauntlet | Noticed a death yak
 20549 | Gauntlet | Noticed a necromancer
 20555 | Gauntlet | Found a transporter.
 20907 | Gauntlet | Killed a death yak
 20907 | Gauntlet | HP: 3/95 [death yak (15)]
 20913 | Gauntlet | a necromancer changed into a faun
 20926 | Gauntlet | Mangled by a death yak

Illustrated notes

Levels and vault maps discovered:
D:1:      lemuel_arrival_broad_hall, layout_basic,
          hellmonk_ecumenical_altar_leap_of_faith, wad_floor_pattern_untrapped
D:2:      layout_basic, minmay_hedge_maze, serial_bayou_pond_b,
          minmay_split_cup_small
D:3:      layout_basic, serial_shops, shop, ebering_ghost_inner_flame,
          chequers_big_river
D:4:      layout_loops_corners, nicolae_wu_jian_immortal_techniques,
          mainiacjoe_overflow_big_doors, minmay_temple_entry_mini_moons,
          kennysheep_small_square, uniq_edmund
D:5:      layout_loops_ring
D:6:      layout_cave_pools, cheibrodos_ashenzari_chains
D:7:      layout_loops_ring
D:8:      layout_gridville, serial_shops, shop, uniq_joseph
D:9:      layout_stronghold, nicolae_overflow_quartered_altars,
          hellmonk_ghost_big_iron, serial_glass, glass_columns_c,
          glass_columns_a, glass_columns_a, glass_columns_a, glass_columns_b,
          glass_columns_b, due_unseen_surprise, feat_on_display, feat_on_display
D:10:     layout_roguey [special_room_orc], kennysheep_mini,
          minmay_lair_entry_grove, enter_bailey_7, serial_shops,
          nicolae_inconvenience_store, uniq_sonja, uniq_psyche
D:11:     layout_big_octagon
D:12:     layout_stronghold, orc_0_dummy
Lair:1:   hellmonk_destroyed_diamonds, layout_misc_corridors,
          gauntlet_entry_generic, worms_lemuel
Gauntlet: minmay_gauntlet_mixed_oops_all_seconds [minmay_gauntlet_arena_77_mess,
          nicolae_gauntlet_arena_x, minmay_gauntlet_arena_77_fan,
          gammafunk_gauntlet_arena_crates,
          minmay_gauntlet_arena_77_broken_ladder,
          gammafunk_gauntlet_arena_split_diamond, gauntlet_exit_hidden_loot]

Skill      XL: |  1  2  3  4  5  6  7  8  9 10 11 |
---------------+----------------------------------+-----
Short Blades   | 2 3 4 5 6 8 9 10 | 10.0
Hexes          | 1 3 4 5 6 8 |  8.0
Fighting       | 4 5 7 9 |  9.1
Stealth        | 5 6 |  6.0
Dodging        | 3 6 7 |  7.7
Spellcasting   | 3 |  3.8

Action                   |  1- 3 |  4- 6 |  7- 9 | 10-12 || total
-------------------------+-------+-------+-------+-------++-------
Melee: Short sword       |   135 |   190 |   303 |       ||   628
       Punch             |     1 |     3 |    11 |     2 ||    17
       Dagger            |       |       |   146 |   321 ||   467
       Rapier            |       |       |    87 |       ||    87
       Unarmed           |       |       |       |    10 ||    10
 Fire: Sling             |       |     3 |    52 |   119 ||   174
       Shortbow          |       |       |       |     1 ||     1
Throw: Stone             |     3 |    11 |    11 |       ||    25
       Dart              |       |    39 |    46 |     8 ||    93
       Javelin           |       |       |     1 |    31 ||    32
 Cast: Ensorcelled Hiber |       |     1 |    75 |    74 ||   150
       Fulminant Prism   |       |       |       |    13 ||    13
Evoke: Wand              |       |       |     7 |     9 ||    16
  Use: Potion            |     5 |     3 |       |     5 ||    13
       Scroll            |       |     3 |     3 |     7 ||    13
 Stab: Sleeping          |     5 |    10 |    42 |    37 ||    94
       Distracted        |     2 |     1 |     1 |     5 ||     9
       Paralysed         |       |       |     2 |       ||     2
       Confused          |       |       |       |     1 ||     1
Armor: Leather armour    |    33 |    38 |    43 |    35 ||   149
       Robe              |       |       |    71 |    33 ||   104
       Skin              |       |       |       |     1 ||     1
       Troll leather arm |       |       |       |    15 ||    15
Dodge: Dodged            |    74 |   100 |   263 |   392 ||   829

Table legend: (Time is in decaauts)
 A = Elapsed time spent in this place.
 B = Non-inter-level travel time spent in this place.
 C = Inter-level travel time spent in this place.
 D = Time resting spent in this place.
 E = Time spent auto-exploring this place.
 F = Levels seen in this place.
 G = Mean time per level.
                   A        B        C        D        E       F      G
               +--------+--------+--------+--------+--------+-----+--------+
         Total |  20707 |  19913 |    794 |   6027 |   8221 |  15 | 1380.5 |
       Dungeon |  17824 |  17030 |    794 |   5248 |   7366 |  12 | 1485.3 |
          Lair |     49 |     49 |      0 |      0 |      0 |   1 |   49.0 |
        Bailey |   2367 |   2367 |      0 |    779 |    711 |   1 | 2367.0 |
      Gauntlet |    465 |    465 |      0 |      0 |    143 |   1 |  465.0 |
               +--------+--------+--------+--------+--------+-----+--------+

Top non-repeatable levels by time:
     D:5: 3148 daAuts
     D:4: 2639 daAuts
  Bailey: 2367 daAuts
    D:10: 2130 daAuts
     D:3: 1693 daAuts
     D:6: 1655 daAuts
     D:7: 1561 daAuts
     D:8: 1141 daAuts
     D:2: 996 daAuts
     D:9: 988 daAuts
     D:1: 963 daAuts
    D:11: 553 daAuts
Gauntlet: 465 daAuts
    D:12: 353 daAuts
  Lair:1: 49 daAuts
